3171 views
Uploaded 2020-11-27 23:53:09
Game version 1.32.9
30:27 long 4on4 ladder game on (8)Northshire_LV
Saved by AskeLange
3171 views
Uploaded 2020-11-27 23:53:09
Game version 1.32.9
30:27 long 4on4 ladder game on (8)Northshire_LV


215 units @ 37.4k
/ 6.8k
83 buildings @ 12.3k
/ 4.9k


| Sacrificial Skull | 1 | 50 |
| Rod of Necromancy | 1 | 150 |
| Potion of Healing | 2 | 300 |
| Orb of Corruption | 1 | 375 |
| Scroll of Town Portal | 1 | 350 |
| Periapt of Vitality | 1 | 325 |
| Boots of Speed | 1 | 250 |
| total: | 8 | 1800g |
| Acolyte | 7 | 525 | / | 0 |
| Ghoul | 4 | 480 | / | 0 |
| Crypt Fiend | 17 | 3655 | / | 680 |
| Frost Wyrm | 8 | 3080 | / | 960 |
| total: | 36 | 7740g | / | 1640w |
| Nerubian Tower | 1 | 100 | / | 20 |
| Spirit Tower | 1 | 145 | / | 40 |
| Altar of Darkness | 1 | 180 | / | 50 |
| Ziggurat | 8 | 1200 | / | 400 |
| Graveyard | 1 | 215 | / | 0 |
| Crypt | 1 | 200 | / | 50 |
| Tomb of Relics | 1 | 130 | / | 30 |
| Necropolis | 1 | 225 | / | 0 |
| Sacrificial Pit | 1 | 75 | / | 150 |
| Boneyard | 2 | 350 | / | 400 |
| Halls of the Dead | 1 | 320 | / | 210 |
| Black Citadel | 1 | 325 | / | 230 |
| total: | 16 | 2575g | / | 1080w |
| 0:04 | Acolyte |
| 0:04 | Acolyte |
| 0:19 | Altar of Darkness |
| 0:25 | Ziggurat |
| 1:22 | Nerubian Tower |
| 2:27 | Death Coil |
| 2:46 | Graveyard |
| 2:52 | Crypt |
| 2:56 | Ziggurat |
| 2:59 | Ziggurat |
| 3:36 | Tomb of Relics |
| 4:05 | Ghoul |
| 4:06 | Ghoul |
| 4:14 | Spirit Tower |
| 4:32 | Ghoul |
| 4:50 | Sacrificial Skull |
| 4:52 | Rod of Necromancy |
| 4:55 | Crypt Fiend |
| 4:55 | Crypt Fiend |
| 4:55 | Crypt Fiend |
| 5:31 | Crypt Fiend |
| 5:33 | Crypt Fiend |
| 5:37 | Creature Carapace |
| 5:55 | Halls of the Dead |
| 6:28 | Periapt of Vitality |
| 6:30 | Boots of Speed |
| 6:52 | Crypt Fiend |
| 7:09 | Unholy Aura |
| 7:33 | Crypt Fiend |
| 7:34 | Creature Attack |
| 7:59 | Ziggurat |
| 8:02 | Crypt Fiend |
| 8:22 | Potion of Healing |
| 9:21 | Sacrificial Pit |
| 9:23 | Acolyte |
| 9:27 | Web |
| 9:27 | Crypt Fiend |
| 11:00 | Crypt Fiend |
| 11:01 | Black Citadel |
| 11:02 | Improved Creature Carapace |
| 11:16 | Death Coil |
| 11:59 | Crypt Fiend |
| 11:59 | Crypt Fiend |
| 12:25 | Improved Creature Attack |
| 12:28 | Crypt Fiend |
| 13:34 | Scroll of Town Portal |
| 13:36 | Frost Nova |
| 13:58 | Orb of Corruption |
| 14:06 | Acolyte |
| 14:06 | Acolyte |
| 14:06 | Acolyte |
| 14:09 | Acolyte |
| 14:25 | Boneyard |
| 14:28 | Boneyard |
| 14:31 | Ziggurat |
| 14:38 | Necropolis |
| 15:03 | Advanced Creature Carapace |
| 15:29 | Ziggurat |
| 15:31 | Ziggurat |
| 15:34 | Ziggurat |
| 15:44 | Ghoul |
| 16:32 | Freezing Breath |
| 16:38 | Frost Wyrm |
| 17:11 | Frost Wyrm |
| 17:39 | Frost Wyrm |
| 18:27 | Advanced Creature Attack |
| 18:30 | Frost Wyrm |
| 19:34 | Unholy Aura |
| 19:59 | Frost Armor |
| 20:14 | Crypt Fiend |
| 20:14 | Crypt Fiend |
| 20:16 | Frost Wyrm |
| 20:58 | Potion of Healing |
| 21:06 | Frost Wyrm |
| 21:21 | Crypt Fiend |
| 21:43 | Crypt Fiend |
| 23:37 | Frost Nova |
| 24:13 | Death Coil |
| 24:45 | Frost Armor |
| 25:21 | Frost Wyrm |
| 26:30 | Frost Wyrm |
| 28:37 | Animate Dead |
| Right click | 611 |
| Select | 294 |
| Misc. action | 97 |
| Chat | 84 |
| Build/train/purchase | 73 |
| Use ability | 24 |
| Resource trade | 8 |
| Minimap ping | 7 |
| Item give/drop | 4 |
| Assign group | 3 |
| Remove unit | 2 |
| Select group | 2 |

| Peasant | 21 | 1575 | / | 0 |
| Rifleman | 47 | 9635 | / | 1410 |
| Gryphon Rider | 7 | 1960 | / | 490 |
| total: | 75 | 13170g | / | 1900w |
| Scout Tower | 1 | 30 | / | 20 |
| Blacksmith | 1 | 140 | / | 60 |
| Barracks | 2 | 320 | / | 120 |
| Farm | 19 | 1520 | / | 380 |
| Altar of Kings | 1 | 180 | / | 50 |
| Town Hall | 2 | 770 | / | 410 |
| Lumber Mill | 3 | 360 | / | 0 |
| Gryphon Aviary | 1 | 140 | / | 150 |
| Keep | 1 | 320 | / | 210 |
| Castle | 1 | 360 | / | 210 |
| total: | 30 | 3460g | / | 1190w |
| 0:08 | Peasant |
| 0:08 | Peasant |
| 0:09 | Peasant |
| 0:09 | Peasant |
| 1:01 | Blacksmith |
| 1:15 | Barracks |
| 1:23 | Peasant |
| 1:23 | Peasant |
| 1:23 | Peasant |
| 1:24 | Peasant |
| 1:41 | Farm |
| 1:48 | Altar of Kings |
| 1:52 | Farm |
| 2:35 | Rifleman |
| 2:35 | Rifleman |
| 2:35 | Rifleman |
| 3:10 | Farm |
| 3:12 | Farm |
| 3:40 | Farm |
| 3:45 | Farm |
| 3:49 | Farm |
| 3:52 | Farm |
| 3:54 | Rifleman |
| 3:55 | Rifleman |
| 4:00 | Iron Forged Swords |
| 4:28 | Holy Light |
| 5:18 | Rifleman |
| 5:18 | Rifleman |
| 5:18 | Rifleman |
| 5:19 | Rifleman |
| 5:34 | Keep |
| 6:53 | Rifleman |
| 6:54 | Rifleman |
| 7:13 | Black Gunpowder |
| 7:28 | Town Hall |
| 7:51 | Studded Leather Armor |
| 8:00 | Farm |
| 8:01 | Farm |
| 8:45 | Divine Shield |
| 9:09 | Rifleman |
| 9:10 | Rifleman |
| 9:10 | Rifleman |
| 9:12 | Rifleman |
| 9:21 | Peasant |
| 9:21 | Peasant |
| 9:21 | Peasant |
| 9:21 | Peasant |
| 10:44 | Rifleman |
| 10:44 | Rifleman |
| 10:44 | Rifleman |
| 10:44 | Rifleman |
| 10:44 | Rifleman |
| 10:54 | Farm |
| 10:57 | Farm |
| 10:58 | Farm |
| 11:29 | Lumber Mill |
| 11:51 | Refined Gunpowder |
| 12:26 | Rifleman |
| 12:27 | Rifleman |
| 12:27 | Rifleman |
| 12:54 | Long Rifles |
| 13:03 | Gryphon Aviary |
| 13:28 | Rifleman |
| 14:05 | Improved Lumber Harvesting |
| 14:14 | Castle |
| 14:32 | Rifleman |
| 14:32 | Rifleman |
| 14:34 | Rifleman |
| 14:40 | Peasant |
| 14:50 | Rifleman |
| 14:50 | Rifleman |
| 15:18 | Peasant |
| 15:18 | Peasant |
| 15:18 | Peasant |
| 15:18 | Peasant |
| 15:21 | Lumber Mill |
| 15:25 | Lumber Mill |
| 15:48 | Rifleman |
| 15:49 | Rifleman |
| 15:49 | Rifleman |
| 16:13 | Barracks |
| 16:39 | Peasant |
| 16:39 | Peasant |
| 16:40 | Peasant |
| 16:40 | Peasant |
| 17:03 | Rifleman |
| 17:08 | Rifleman |
| 17:19 | Farm |
| 17:20 | Farm |
| 17:22 | Farm |
| 17:23 | Farm |
| 17:23 | Farm |
| 17:24 | Farm |
| 17:40 | Rifleman |
| 19:23 | Gryphon Rider |
| 19:24 | Gryphon Rider |
| 19:27 | Storm Hammers |
| 19:53 | Rifleman |
| 19:57 | Gryphon Rider |
| 20:24 | Scout Tower |
| 20:37 | Rifleman |
| 20:37 | Rifleman |
| 21:18 | Steel Forged Swords |
| 21:20 | Gryphon Rider |
| 21:46 | Rifleman |
| 21:46 | Rifleman |
| 22:14 | Devotion Aura |
| 22:39 | Gryphon Rider |
| 22:43 | Rifleman |
| 24:28 | Gryphon Rider |
| 24:28 | Gryphon Rider |
| 24:30 | Rifleman |
| 24:30 | Rifleman |
| 25:19 | Rifleman |
| 25:19 | Rifleman |
| 25:33 | Animal War Training |
| 25:34 | Rifleman |
| 25:34 | Rifleman |
| 27:12 | Town Hall |
| 28:34 | Divine Shield |
| 29:46 | Divine Shield |
| Right click | 640 |
| Select | 293 |
| Build/train/purchase | 95 |
| Misc. action | 94 |
| Resource trade | 72 |
| Select group | 54 |
| Use ability | 15 |
| Assign group | 12 |
| Minimap ping | 6 |
| Remove unit | 5 |
| Esc | 1 |


| Staff of Preservation | 2 | 300 |
| Orb of Venom | 1 | 325 |
| Potion of Healing | 2 | 300 |
| Scroll of Town Portal | 5 | 1750 |
| Potion of Lesser Invulnerability | 1 | 150 |
| total: | 11 | 2825g |
| Wisp | 25 | 1500 | / | 0 |
| Archer | 10 | 1300 | / | 100 |
| Druid of the Claw | 8 | 2040 | / | 640 |
| Dryad | 8 | 1160 | / | 480 |
| Mountain Giant | 2 | 700 | / | 200 |
| Chimaera | 5 | 1650 | / | 350 |
| Goblin Shredder | 1 | 375 | / | 100 |
| total: | 59 | 8725g | / | 1870w |
| Altar of Elders | 1 | 180 | / | 50 |
| Moon Well | 7 | 1260 | / | 280 |
| Ancient of War | 1 | 150 | / | 60 |
| Ancient of Wonders | 2 | 180 | / | 60 |
| Hunter's Hall | 1 | 210 | / | 100 |
| Tree of Life | 2 | 680 | / | 370 |
| Ancient of Lore | 2 | 310 | / | 290 |
| Chimaera Roost | 1 | 140 | / | 190 |
| Tree of Ages | 1 | 320 | / | 180 |
| Tree of Eternity | 1 | 330 | / | 200 |
| total: | 17 | 3110g | / | 1400w |
| 0:04 | Wisp |
| 0:05 | Wisp |
| 0:09 | Altar of Elders |
| 0:22 | Moon Well |
| 0:28 | Wisp |
| 0:28 | Wisp |
| 0:42 | Ancient of War |
| 0:50 | Wisp |
| 0:50 | Wisp |
| 1:17 | Wisp |
| 1:30 | Moon Well |
| 1:35 | Wisp |
| 1:45 | Archer |
| 1:48 | Wisp |
| 1:48 | Wisp |
| 2:16 | Ancient of Wonders |
| 2:34 | Mana Burn |
| 2:36 | Tree of Ages |
| 2:59 | Hunter's Hall |
| 3:04 | Archer |
| 3:04 | Archer |
| 3:15 | Archer |
| 3:29 | Moon Well |
| 3:33 | Evasion |
| 4:01 | Ancient of Wonders |
| 5:09 | Tree of Life |
| 5:22 | Mana Burn |
| 5:31 | Staff of Preservation |
| 5:33 | Archer |
| 5:33 | Archer |
| 5:40 | Ancient of Lore |
| 5:49 | Frost Arrows |
| 6:11 | Ancient of Lore |
| 6:56 | Druid of the Claw Adept Training |
| 6:56 | Druid of the Claw |
| 7:00 | Forked Lightning |
| 7:15 | Wisp |
| 7:16 | Wisp |
| 7:18 | Goblin Shredder |
| 7:39 | Dryad |
| 7:59 | Staff of Preservation |
| 8:33 | Archer |
| 8:34 | Archer |
| 8:36 | Improved Bows |
| 9:09 | Tree of Eternity |
| 9:13 | Mountain Giant |
| 9:24 | Wisp |
| 9:24 | Wisp |
| 10:29 | Evasion |
| 10:32 | Forked Lightning |
| 10:44 | Archer |
| 10:45 | Archer |
| 10:51 | Dryad |
| 10:51 | Dryad |
| 11:21 | Abolish Magic |
| 11:28 | Moon Well |
| 11:39 | Frost Arrows |
| 12:14 | Mana Burn |
| 12:47 | Druid of the Claw Master Training |
| 12:56 | Druid of the Claw |
| 12:56 | Druid of the Claw |
| 12:57 | Druid of the Claw |
| 12:59 | Well Spring |
| 13:07 | Chimaera Roost |
| 13:13 | Wisp |
| 13:22 | Scroll of Town Portal |
| 13:23 | Orb of Venom |
| 13:24 | Potion of Healing |
| 13:31 | Strength of the Wild |
| 13:34 | Reinforced Hides |
| 13:51 | Druid of the Claw |
| 13:54 | Mark of the Claw |
| 13:55 | Dryad |
| 13:55 | Dryad |
| 13:58 | Nature's Blessing |
| 14:01 | Wisp |
| 14:28 | Moon Well |
| 15:16 | Corrosive Breath |
| 15:18 | Dryad |
| 15:19 | Hardened Skin |
| 15:32 | Scroll of Town Portal |
| 15:42 | Chimaera |
| 15:42 | Chimaera |
| 16:00 | Improved Strength of the Wild |
| 16:50 | Tree of Life |
| 17:19 | Resistant Skin |
| 17:27 | Moon Well |
| 19:07 | Wisp |
| 19:07 | Wisp |
| 19:07 | Wisp |
| 19:07 | Wisp |
| 19:11 | Mountain Giant |
| 19:44 | Forked Lightning |
| 19:54 | Scroll of Town Portal |
| 19:55 | Potion of Lesser Invulnerability |
| 20:10 | Chimaera |
| 20:11 | Chimaera |
| 20:36 | Potion of Healing |
| 21:33 | Wisp |
| 21:33 | Wisp |
| 21:33 | Wisp |
| 21:33 | Wisp |
| 21:34 | Wisp |
| 21:42 | Druid of the Claw |
| 21:43 | Dryad |
| 21:43 | Dryad |
| 21:45 | Chimaera |
| 21:49 | Advanced Strength of the Wild |
| 22:08 | Scroll of Town Portal |
| 22:24 | Moon Well |
| 23:10 | Metamorphosis |
| 23:43 | Scroll of Town Portal |
| 24:39 | Tornado |
| 24:58 | Evasion |
| 25:17 | Druid of the Claw |
| 25:24 | Druid of the Claw |
| Right click | 885 |
| Select | 586 |
| Build/train/purchase | 155 |
| Use ability | 81 |
| Minimap ping | 6 |
| Select group | 5 |
| Resource trade | 5 |
| Item give/drop | 2 |
| Assign group | 1 |
| Esc | 1 |



| Rod of Necromancy | 1 | 150 |
| Orb of Corruption | 2 | 750 |
| Potion of Healing | 1 | 150 |
| Scroll of Town Portal | 6 | 2100 |
| Scroll of Healing | 1 | 250 |
| Potion of Lesser Invulnerability | 1 | 150 |
| total: | 12 | 3550g |
| Acolyte | 7 | 525 | / | 0 |
| Ghoul | 14 | 1680 | / | 0 |
| Obsidian Statue | 9 | 1800 | / | 315 |
| Abomination | 9 | 2160 | / | 630 |
| Crypt Fiend | 4 | 860 | / | 160 |
| Frost Wyrm | 2 | 770 | / | 240 |
| total: | 45 | 7795g | / | 1345w |
| Ziggurat | 9 | 1350 | / | 450 |
| Crypt | 1 | 200 | / | 50 |
| Altar of Darkness | 1 | 180 | / | 50 |
| Tomb of Relics | 2 | 260 | / | 60 |
| Graveyard | 3 | 645 | / | 0 |
| Slaughterhouse | 2 | 280 | / | 270 |
| Sacrificial Pit | 1 | 75 | / | 150 |
| Boneyard | 1 | 175 | / | 200 |
| Halls of the Dead | 2 | 640 | / | 420 |
| Black Citadel | 2 | 650 | / | 460 |
| total: | 20 | 3165g | / | 1230w |
| 0:02 | Acolyte |
| 0:02 | Acolyte |
| 0:06 | Ziggurat |
| 0:08 | Crypt |
| 0:33 | Altar of Darkness |
| 1:10 | Ghoul |
| 1:16 | Ziggurat |
| 1:20 | Tomb of Relics |
| 1:31 | Ghoul |
| 1:45 | Ghoul |
| 2:06 | Ghoul |
| 2:21 | Graveyard |
| 2:27 | Ghoul |
| 2:42 | Sleep |
| 2:43 | Rod of Necromancy |
| 2:57 | Halls of the Dead |
| 3:04 | Ghoul |
| 3:22 | Ghoul |
| 3:41 | Graveyard |
| 3:48 | Vampiric Aura |
| 3:56 | Ziggurat |
| 4:12 | Ghoul |
| 4:48 | Ghoul |
| 4:56 | Cannibalize |
| 4:58 | Sleep |
| 5:51 | Acolyte |
| 5:59 | Slaughterhouse |
| 6:09 | Unholy Armor |
| 6:18 | Death Coil |
| 6:22 | Black Citadel |
| 7:50 | Obsidian Statue |
| 7:53 | Ghoul |
| 7:55 | Ziggurat |
| 7:56 | Unholy Strength |
| 8:44 | Obsidian Statue |
| 8:48 | Slaughterhouse |
| 9:03 | Ghoul |
| 9:19 | Vampiric Aura |
| 9:29 | Abomination |
| 9:33 | Ghoul Frenzy |
| 9:35 | Acolyte |
| 9:35 | Acolyte |
| 9:35 | Acolyte |
| 9:56 | Abomination |
| 10:11 | Abomination |
| 10:26 | Ziggurat |
| 10:36 | Orb of Corruption |
| 10:51 | Destroyer Form |
| 12:05 | Unholy Aura |
| 12:15 | Abomination |
| 12:16 | Obsidian Statue |
| 13:00 | Obsidian Statue |
| 14:03 | Obsidian Statue |
| 14:03 | Abomination |
| 14:03 | Ghoul |
| 14:19 | Sleep |
| 14:36 | Ghoul |
| 14:41 | Ziggurat |
| 14:42 | Acolyte |
| 14:55 | Scroll of Town Portal |
| 15:01 | Ziggurat |
| 15:03 | Creature Attack |
| 15:05 | Sacrificial Pit |
| 15:31 | Obsidian Statue |
| 15:53 | Abomination |
| 15:59 | Disease Cloud |
| 16:52 | Boneyard |
| 16:54 | Creature Carapace |
| 17:03 | Frost Nova |
| 17:18 | Scroll of Town Portal |
| 17:19 | Potion of Healing |
| 17:40 | Obsidian Statue |
| 17:42 | Ghoul |
| 18:07 | Crypt Fiend |
| 18:09 | Abomination |
| 18:12 | Death Coil |
| 18:33 | Frost Wyrm |
| 18:34 | Web |
| 18:36 | Abomination |
| 18:46 | Graveyard |
| 18:55 | Scroll of Town Portal |
| 18:59 | Scroll of Healing |
| 19:14 | Ziggurat |
| 20:17 | Crypt Fiend |
| 20:52 | Crypt Fiend |
| 21:05 | Ziggurat |
| 22:03 | Frost Armor |
| 22:08 | Obsidian Statue |
| 22:43 | Frost Wyrm |
| 22:58 | Scroll of Town Portal |
| 23:11 | Abomination |
| 23:12 | Obsidian Statue |
| 23:33 | Orb of Corruption |
| 23:44 | Crypt Fiend |
| 24:36 | Inferno |
| 24:52 | Frost Nova |
| 24:55 | Unholy Aura |
| 25:52 | Scroll of Town Portal |
| 25:53 | Potion of Lesser Invulnerability |
| 26:09 | Tomb of Relics |
| 27:19 | Scroll of Town Portal |
| 28:08 | Frost Armor |
| 28:59 | Vampiric Aura |
| 29:27 | Frost Nova |
| Right click | 1389 |
| Select | 1252 |
| Select group | 988 |
| Chat | 238 |
| Build/train/purchase | 191 |
| Assign group | 187 |
| Misc. action | 127 |
| Use ability | 115 |
| Minimap ping | 27 |
| Item give/drop | 5 |
| Esc | 2 |
211 units @ 31.1k
/ 4k
91 buildings @ 13.4k
/ 5.3k



x1)
| Rod of Necromancy | 3 | 450 |
| Sacrificial Skull | 1 | 50 |
| Orb of Corruption | 2 | 750 |
| Potion of Healing | 2 | 300 |
| Potion of Mana | 1 | 200 |
| Scroll of Town Portal | 4 | 1400 |
| Tome of Retraining | 1 | 300 |
| Potion of Lesser Invulnerability | 1 | 150 |
| total: | 15 | 3600g |
| Acolyte | 10 | 750 | / | 0 |
| Ghoul | 8 | 960 | / | 0 |
| Obsidian Statue | 3 | 600 | / | 105 |
| Abomination | 5 | 1200 | / | 350 |
| Gargoyle | 10 | 1750 | / | 300 |
| Goblin Shredder | 1 | 375 | / | 100 |
| total: | 37 | 5635g | / | 855w |
| Nerubian Tower | 2 | 200 | / | 40 |
| Spirit Tower | 1 | 145 | / | 40 |
| Altar of Darkness | 1 | 180 | / | 50 |
| Crypt | 3 | 600 | / | 150 |
| Ziggurat | 6 | 900 | / | 300 |
| Tomb of Relics | 1 | 130 | / | 30 |
| Necropolis | 3 | 675 | / | 0 |
| Graveyard | 1 | 215 | / | 0 |
| Slaughterhouse | 3 | 420 | / | 405 |
| Halls of the Dead | 2 | 640 | / | 420 |
| Black Citadel | 1 | 325 | / | 230 |
| total: | 18 | 3120g | / | 935w |
| 0:02 | Acolyte |
| 0:18 | Altar of Darkness |
| 0:20 | Crypt |
| 0:23 | Ziggurat |
| 0:32 | Acolyte |
| 1:07 | Tomb of Relics |
| 1:21 | Ghoul |
| 1:26 | Ziggurat |
| 1:29 | Acolyte |
| 1:37 | Ghoul |
| 1:48 | Ghoul |
| 1:58 | Nerubian Tower |
| 2:17 | Rod of Necromancy |
| 2:19 | Sleep |
| 2:21 | Sacrificial Skull |
| 2:32 | Ghoul |
| 3:27 | Ghoul |
| 3:31 | Necropolis |
| 3:39 | Vampiric Aura |
| 3:44 | Ziggurat |
| 4:27 | Halls of the Dead |
| 4:31 | Graveyard |
| 4:42 | Nerubian Tower |
| 4:56 | Rod of Necromancy |
| 5:04 | Ghoul |
| 5:14 | Acolyte |
| 5:21 | Acolyte |
| 5:21 | Acolyte |
| 5:31 | Ghoul |
| 5:43 | Ziggurat |
| 6:13 | Sleep |
| 6:15 | Ghoul |
| 6:49 | Slaughterhouse |
| 6:50 | Slaughterhouse |
| 6:52 | Black Citadel |
| 7:50 | Death Coil |
| 7:55 | Obsidian Statue |
| 7:57 | Obsidian Statue |
| 8:02 | Rod of Necromancy |
| 9:32 | Disease Cloud |
| 9:32 | Abomination |
| 10:07 | Orb of Corruption |
| 10:08 | Scroll of Town Portal |
| 10:11 | Slaughterhouse |
| 10:28 | Goblin Shredder |
| 10:41 | Abomination |
| 11:14 | Scroll of Town Portal |
| 11:25 | Frost Nova |
| 12:22 | Gargoyle |
| 12:22 | Gargoyle |
| 12:34 | Vampiric Aura |
| 12:56 | Destroyer Form |
| 13:22 | Potion of Healing |
| 13:39 | Gargoyle |
| 13:45 | Unholy Aura |
| 14:02 | Frost Armor |
| 14:05 | Potion of Healing |
| 14:21 | Abomination |
| 14:44 | Orb of Corruption |
| 14:56 | Abomination |
| 14:58 | Gargoyle |
| 15:00 | Crypt |
| 15:18 | Scroll of Town Portal |
| 15:45 | Gargoyle |
| 15:56 | Creature Carapace |
| 15:58 | Unholy Armor |
| 16:08 | Gargoyle |
| 16:39 | Gargoyle |
| 16:41 | Ziggurat |
| 16:46 | Ziggurat |
| 16:54 | Unholy Strength |
| 16:56 | Creature Attack |
| 17:04 | Potion of Mana |
| 17:07 | Unholy Aura |
| 18:28 | Obsidian Statue |
| 18:57 | Tome of Retraining |
| 18:57 | Retrain Hero |
| 18:59 | Carrion Swarm |
| 18:59 | Carrion Swarm |
| 18:59 | Vampiric Aura |
| 19:22 | Gargoyle |
| 19:22 | Gargoyle |
| 19:51 | Death Coil |
| 19:56 | Frost Nova |
| 20:01 | Abomination |
| 20:22 | Gargoyle |
| 20:26 | Acolyte |
| 20:28 | Crypt |
| 20:45 | Carrion Swarm |
| 21:57 | Spirit Tower |
| 22:09 | Necropolis |
| 22:13 | Necropolis |
| 22:17 | Acolyte |
| 22:18 | Acolyte |
| 22:28 | Acolyte |
| 22:49 | Scroll of Town Portal |
| 22:49 | Potion of Lesser Invulnerability |
| 23:03 | Halls of the Dead |
| Right click | 1971 |
| Select group | 1634 |
| Select | 806 |
| Misc. action | 283 |
| Build/train/purchase | 107 |
| Chat | 66 |
| Use ability | 65 |
| Assign group | 53 |
| Remove unit | 4 |
| Item give/drop | 3 |
| Minimap ping | 2 |


| Scroll of Regeneration | 3 | 300 |
| Scroll of Town Portal | 1 | 350 |
| Boots of Speed | 2 | 500 |
| total: | 6 | 1150g |
| Peasant | 16 | 1200 | / | 0 |
| Rifleman | 25 | 5125 | / | 750 |
| Sorceress | 7 | 1085 | / | 140 |
| Goblin Shredder | 1 | 375 | / | 100 |
| total: | 49 | 7785g | / | 990w |
| Altar of Kings | 1 | 180 | / | 50 |
| Barracks | 2 | 320 | / | 120 |
| Farm | 10 | 800 | / | 200 |
| Blacksmith | 1 | 140 | / | 60 |
| Arcane Vault | 1 | 130 | / | 30 |
| Lumber Mill | 1 | 120 | / | 0 |
| Town Hall | 1 | 385 | / | 205 |
| Arcane Sanctum | 2 | 300 | / | 280 |
| Keep | 1 | 320 | / | 210 |
| Castle | 1 | 360 | / | 210 |
| total: | 19 | 2375g | / | 945w |
| 0:04 | Altar of Kings |
| 0:14 | Peasant |
| 0:14 | Peasant |
| 0:33 | Peasant |
| 0:49 | Peasant |
| 1:00 | Barracks |
| 1:13 | Farm |
| 1:28 | Blacksmith |
| 1:41 | Farm |
| 1:59 | Peasant |
| 2:04 | Peasant |
| 2:21 | Farm |
| 2:24 | Peasant |
| 2:33 | Blizzard |
| 2:45 | Rifleman |
| 3:13 | Rifleman |
| 3:30 | Rifleman |
| 3:36 | Arcane Vault |
| 3:42 | Peasant |
| 4:26 | Rifleman |
| 4:28 | Keep |
| 4:38 | Brilliance Aura |
| 4:49 | Barracks |
| 4:54 | Black Gunpowder |
| 5:07 | Farm |
| 5:22 | Rifleman |
| 5:33 | Lumber Mill |
| 6:02 | Rifleman |
| 6:20 | Farm |
| 6:22 | Rifleman |
| 6:36 | Scroll of Regeneration |
| 6:54 | Long Rifles |
| 6:59 | Improved Lumber Harvesting |
| 7:13 | Rifleman |
| 7:45 | Rifleman |
| 7:47 | Rifleman |
| 8:12 | Rifleman |
| 8:17 | Blizzard |
| 8:35 | Scroll of Regeneration |
| 8:43 | Scroll of Regeneration |
| 9:10 | Farm |
| 9:13 | Farm |
| 9:15 | Improved Masonry |
| 9:41 | Scroll of Town Portal |
| 10:11 | Castle |
| 10:16 | Farm |
| 10:34 | Refined Gunpowder |
| 11:38 | Rifleman |
| 11:38 | Rifleman |
| 12:36 | Brilliance Aura |
| 12:51 | Rifleman |
| 12:52 | Rifleman |
| 13:07 | Peasant |
| 13:07 | Peasant |
| 13:25 | Peasant |
| 13:25 | Peasant |
| 13:25 | Peasant |
| 13:32 | Rifleman |
| 13:45 | Town Hall |
| 14:00 | Advanced Lumber Harvesting |
| 14:21 | Farm |
| 14:36 | Goblin Shredder |
| 15:27 | Farm |
| 15:47 | Peasant |
| 16:02 | Studded Leather Armor |
| 16:11 | Peasant |
| 16:19 | Peasant |
| 16:37 | Rifleman |
| 17:06 | Holy Light |
| 17:21 | Imbued Gunpowder |
| 17:22 | Reinforced Leather Armor |
| 17:26 | Boots of Speed |
| 17:44 | Arcane Sanctum |
| 17:50 | Arcane Sanctum |
| 18:42 | Rifleman |
| 18:44 | Rifleman |
| 19:01 | Boots of Speed |
| 20:02 | Divine Shield |
| 20:02 | Divine Shield |
| 20:04 | Blizzard |
| 20:10 | Rifleman |
| 20:11 | Rifleman |
| 20:26 | Sorceress |
| 20:28 | Sorceress Adept Training |
| 20:29 | Sorceress |
| 21:31 | Sorceress |
| 21:33 | Sorceress |
| 22:16 | Rifleman |
| 22:18 | Dragonhide Armor |
| 22:21 | Sorceress Master Training |
| 22:23 | Sorceress |
| 23:03 | Rifleman |
| 25:19 | Sorceress |
| 25:20 | Sorceress |
| 25:22 | Rifleman |
| 25:24 | Rifleman |
| Right click | 662 |
| Select | 532 |
| Select group | 253 |
| Build/train/purchase | 87 |
| Misc. action | 33 |
| Assign group | 26 |
| Use ability | 26 |
| Remove unit | 6 |
| Chat | 4 |
| Esc | 1 |
AskeLange
(11)
(30:02) : 


| Scroll of Regeneration | 2 | 200 |
| Potion of Healing | 1 | 150 |
| Lesser Clarity Potion | 2 | 140 |
| Scroll of Town Portal | 5 | 1750 |
| Scroll of Healing | 3 | 750 |
| Boots of Speed | 1 | 250 |
| Scroll of Protection | 1 | 150 |
| Potion of Lesser Invulnerability | 2 | 300 |
| Rod of Necromancy | 4 | 600 |
| Ritual Dagger | 1 | 125 |
| total: | 22 | 4415g |
| Peasant | 33 | 2475 | / | 0 |
| Footman | 8 | 1080 | / | 0 |
| Rifleman | 6 | 1230 | / | 180 |
| Priest | 14 | 1890 | / | 140 |
| Mortar Team | 6 | 1080 | / | 420 |
| Knight | 5 | 1225 | / | 300 |
| Goblin Shredder | 1 | 375 | / | 100 |
| total: | 73 | 9355g | / | 1140w |
| Scout Tower | 5 | 150 | / | 100 |
| Altar of Kings | 1 | 180 | / | 50 |
| Farm | 13 | 1040 | / | 260 |
| Barracks | 2 | 320 | / | 120 |
| Town Hall | 7 | 2695 | / | 1435 |
| Blacksmith | 1 | 140 | / | 60 |
| Arcane Vault | 2 | 260 | / | 60 |
| Lumber Mill | 1 | 120 | / | 0 |
| Arcane Sanctum | 1 | 150 | / | 140 |
| Workshop | 2 | 280 | / | 280 |
| Keep | 2 | 640 | / | 420 |
| Castle | 1 | 360 | / | 210 |
| total: | 35 | 5335g | / | 2505w |
| 0:01 | Peasant |
| 0:01 | Peasant |
| 0:06 | Altar of Kings |
| 0:18 | Farm |
| 0:22 | Barracks |
| 0:28 | Peasant |
| 0:34 | Peasant |
| 0:46 | Farm |
| 0:51 | Peasant |
| 1:04 | Peasant |
| 1:24 | Footman |
| 1:29 | Peasant |
| 1:37 | Farm |
| 1:44 | Footman |
| 1:44 | Footman |
| 1:52 | Peasant |
| 2:00 | Farm |
| 2:08 | Summon Water Elemental |
| 2:15 | Footman |
| 2:23 | Peasant |
| 2:39 | Footman |
| 2:40 | Peasant |
| 2:56 | Peasant |
| 3:00 | Footman |
| 3:12 | Brilliance Aura |
| 3:14 | Peasant |
| 3:19 | Footman |
| 3:38 | Footman |
| 4:04 | Town Hall |
| 4:18 | Summon Water Elemental |
| 4:55 | Boots of Speed |
| 5:08 | Keep |
| 5:30 | Blacksmith |
| 5:33 | Arcane Vault |
| 5:37 | Lumber Mill |
| 5:56 | Farm |
| 5:59 | Farm |
| 6:01 | Farm |
| 6:15 | Peasant |
| 6:15 | Peasant |
| 6:22 | Scroll of Regeneration |
| 6:54 | Arcane Vault |
| 7:11 | Rifleman |
| 7:11 | Rifleman |
| 7:15 | Farm |
| 7:16 | Farm |
| 7:18 | Goblin Shredder |
| 7:31 | Improved Lumber Harvesting |
| 7:46 | Scroll of Town Portal |
| 7:59 | Castle |
| 8:05 | Arcane Sanctum |
| 8:42 | Rifleman |
| 8:43 | Black Gunpowder |
| 8:47 | Potion of Healing |
| 8:49 | Scroll of Town Portal |
| 8:58 | Storm Bolt |
| 9:08 | Scroll of Regeneration |
| 9:17 | Rod of Necromancy |
| 9:17 | Rod of Necromancy |
| 10:02 | Brilliance Aura |
| 10:04 | Rifleman |
| 10:04 | Rifleman |
| 10:05 | Priest |
| 10:05 | Priest |
| 10:08 | Workshop |
| 10:09 | Workshop |
| 10:14 | Refined Gunpowder |
| 10:52 | Thunder Clap |
| 11:29 | Town Hall |
| 11:36 | Town Hall |
| 11:42 | Holy Light |
| 11:52 | Priest Adept Training |
| 11:53 | Priest |
| 11:53 | Priest |
| 11:53 | Priest |
| 11:54 | Fragmentation Shards |
| 11:54 | Mortar Team |
| 11:56 | Long Rifles |
| 12:44 | Rifleman |
| 12:44 | Mortar Team |
| 12:47 | Peasant |
| 13:01 | Peasant |
| 13:02 | Peasant |
| 13:02 | Peasant |
| 13:02 | Peasant |
| 13:02 | Peasant |
| 13:08 | Priest Master Training |
| 13:20 | Imbued Gunpowder |
| 14:00 | Flare |
| 14:10 | Scroll of Town Portal |
| 14:11 | Scroll of Protection |
| 14:14 | Scroll of Healing |
| 14:20 | Scroll of Healing |
| 14:20 | Potion of Lesser Invulnerability |
| 14:27 | Scroll of Town Portal |
| 15:00 | Thunder Clap |
| 15:08 | Divine Shield |
| 15:29 | Studded Leather Armor |
| 15:34 | Barracks |
| 16:13 | Iron Plating |
| 16:35 | Peasant |
| 16:35 | Peasant |
| 16:35 | Peasant |
| 16:35 | Peasant |
| 16:35 | Peasant |
| 16:39 | Priest |
| 16:39 | Priest |
| 16:57 | Animal War Training |
| 16:58 | Sundering Blades |
| 17:00 | Scroll of Town Portal |
| 17:04 | Potion of Lesser Invulnerability |
| 17:55 | Town Hall |
| 17:58 | Peasant |
| 17:58 | Peasant |
| 18:01 | Peasant |
| 18:01 | Peasant |
| 19:12 | Summon Water Elemental |
| 19:17 | Holy Light |
| 19:57 | Priest |
| 19:58 | Knight |
| 19:58 | Knight |
| 20:01 | Steel Plating |
| 20:17 | Peasant |
| 20:17 | Peasant |
| 20:22 | Peasant |
| 20:22 | Peasant |
| 20:38 | Farm |
| 20:43 | Farm |
| 20:54 | Storm Bolt |
| 21:18 | Mithril Plating |
| 21:19 | Iron Forged Swords |
| 21:37 | Ritual Dagger |
| 21:42 | Rod of Necromancy |
| 21:42 | Rod of Necromancy |
| 22:12 | Town Hall |
| 22:37 | Knight |
| 22:39 | Priest |
| 22:39 | Priest |
| 22:41 | Mortar Team |
| 22:43 | Farm |
| 22:44 | Farm |
| 23:13 | Devotion Aura |
| 23:23 | Town Hall |
| 23:55 | Knight |
| 23:55 | Mortar Team |
| 23:58 | Knight |
| 23:58 | Mortar Team |
| 24:00 | Steel Forged Swords |
| 24:52 | Priest |
| 24:53 | Priest |
| 24:53 | Priest |
| 24:54 | Mortar Team |
| 25:27 | Priest |
| 25:42 | Scout Tower |
| 25:43 | Scout Tower |
| 25:43 | Scout Tower |
| 25:44 | Scout Tower |
| 25:45 | Scout Tower |
| 25:53 | Lesser Clarity Potion |
| 26:00 | Lesser Clarity Potion |
| 26:28 | Mass Teleport |
| 27:14 | Scroll of Healing |
| 28:27 | Thunder Clap |
| 29:26 | Town Hall |
| Select group | 2392 |
| Right click | 1012 |
| Select | 950 |
| Chat | 544 |
| Build/train/purchase | 283 |
| Misc. action | 176 |
| Assign group | 94 |
| Use ability | 83 |
| Item give/drop | 20 |
| Resource trade | 15 |
| Esc | 6 |
| Remove unit | 2 |
| Minimap ping | 2 |

| Potion of Healing | 2 | 300 |
| Scroll of Regeneration | 1 | 100 |
| Potion of Mana | 1 | 200 |
| Scroll of Town Portal | 1 | 350 |
| total: | 5 | 950g |
| Peasant | 18 | 1350 | / | 0 |
| Footman | 5 | 675 | / | 0 |
| Rifleman | 26 | 5330 | / | 780 |
| Goblin Shredder | 2 | 750 | / | 200 |
| Goblin Zeppelin | 1 | 240 | / | 60 |
| total: | 52 | 8345g | / | 1040w |
| Barracks | 2 | 320 | / | 120 |
| Farm | 11 | 880 | / | 220 |
| Altar of Kings | 1 | 180 | / | 50 |
| Blacksmith | 1 | 140 | / | 60 |
| Town Hall | 2 | 770 | / | 410 |
| Lumber Mill | 1 | 120 | / | 0 |
| Arcane Vault | 1 | 130 | / | 30 |
| Keep | 2 | 640 | / | 420 |
| total: | 19 | 2540g | / | 890w |
| 0:04 | Peasant |
| 0:07 | Peasant |
| 0:10 | Barracks |
| 0:11 | Farm |
| 0:17 | Altar of Kings |
| 0:33 | Peasant |
| 0:33 | Peasant |
| 0:42 | Peasant |
| 0:42 | Peasant |
| 0:56 | Farm |
| 1:06 | Peasant |
| 1:06 | Peasant |
| 1:22 | Footman |
| 1:34 | Farm |
| 1:39 | Peasant |
| 1:50 | Footman |
| 1:50 | Footman |
| 1:50 | Footman |
| 1:56 | Peasant |
| 1:56 | Peasant |
| 1:57 | Peasant |
| 2:07 | Peasant |
| 2:16 | Holy Light |
| 2:19 | Footman |
| 2:33 | Blacksmith |
| 2:54 | Peasant |
| 2:54 | Peasant |
| 3:20 | Peasant |
| 3:24 | Peasant |
| 3:38 | Town Hall |
| 3:42 | Town Hall |
| 3:59 | Divine Shield |
| 4:28 | Black Gunpowder |
| 4:28 | Refined Gunpowder |
| 4:30 | Farm |
| 4:38 | Rifleman |
| 4:38 | Rifleman |
| 4:38 | Rifleman |
| 4:45 | Peasant |
| 5:06 | Rifleman |
| 5:08 | Barracks |
| 5:10 | Farm |
| 5:23 | Lumber Mill |
| 5:32 | Goblin Shredder |
| 5:32 | Goblin Shredder |
| 5:47 | Holy Light |
| 5:54 | Keep |
| 5:57 | Arcane Vault |
| 6:11 | Studded Leather Armor |
| 6:11 | Reinforced Leather Armor |
| 6:16 | Rifleman |
| 6:16 | Rifleman |
| 6:19 | Farm |
| 6:25 | Rifleman |
| 6:25 | Rifleman |
| 6:37 | Rifleman |
| 6:45 | Rifleman |
| 6:45 | Rifleman |
| 6:54 | Farm |
| 6:57 | Farm |
| 6:58 | Rifleman |
| 7:13 | Farm |
| 7:17 | Farm |
| 7:19 | Rifleman |
| 7:25 | Goblin Zeppelin |
| 7:39 | Rifleman |
| 7:39 | Rifleman |
| 7:39 | Rifleman |
| 8:08 | Rifleman |
| 8:08 | Rifleman |
| 8:29 | Rifleman |
| 8:29 | Rifleman |
| 8:29 | Rifleman |
| 8:42 | Rifleman |
| 8:42 | Rifleman |
| 8:42 | Rifleman |
| 8:56 | Long Rifles |
| 8:57 | Rifleman |
| 8:57 | Rifleman |
| 9:05 | Farm |
| 9:16 | Scroll of Town Portal |
| 9:25 | Potion of Healing |
| 9:58 | Scroll of Regeneration |
| 9:58 | Potion of Mana |
| 10:13 | Potion of Healing |
| 10:35 | Divine Shield |
| Right click | 875 |
| Select group | 607 |
| Select | 466 |
| Build/train/purchase | 100 |
| Assign group | 80 |
| Use ability | 17 |
| Chat | 12 |
| Minimap ping | 3 |
| Item give/drop | 2 |
| Remove unit | 1 |
⇛